 Dungeon Crawl Stone Soup version 0.27-a0-660-g90476cec82 (webtiles) character file.

Game seed: 1723366754657840918

9 theanonym the Sneak (level 2, -17/24 HPs)
             Began as a Mummy Delver on Mar 17, 2021.
             Demolished by an ogre
             ... wielding a +0 giant club
              (24 damage)
             ... on level 5 of the Dungeon.
             The game lasted 00:01:52 (951 turns).

theanonym the Sneak (Mummy Delver)                   Turns: 951, Time: 00:01:53

Health: -17/24     AC:  4    Str: 15    XL:     2   Next: 3%
Magic:  2/2        EV: 11    Int:  9    God:
Gold:   0          SH:  0    Dex: 13    Spells: 1/1 levels left

rFire    x . .     SeeInvis .   a - +0 mace
rCold    + . .     Faith    .   (no shield)
rNeg     + + +     Spirit   .   b - +0 leather armour
rPois    ∞         Reflect  .   (no helmet)
rElec    .         Harm     .   (no cloak)
rCorr    .         Rampage  .   d - +0 pair of gloves
Will     .....                  (no boots)
Stlth    ++........             (no amulet)
HPRegen  0.08/turn              (no ring)
MPRegen  0.08/turn              (no ring)

@: no status effects
A: cold resistance 1, negative energy resistance 3, torment resistance 2,
unbreathing 1, heat vulnerability 1, no potions
a: no special abilities


Innate Abilities, Weirdness & Mutations

You are immune to poison.
Your flesh is cold resistant. (rC+)
You are immune to negative energy. (rN+++)
You are immune to unholy pain and torment.
You can survive without breathing.
You are vulnerable to heat. (rF-)
You do not drink.


   Skills:
 - Level 3.0 Fighting
 + Level 2.2 Maces & Flails
 - Level 1.5 Dodging
 - Level 4.1 Stealth


You had one spell level left.
You didn't know any spells.
Your spell library contained the following spells:

 Spells                   Type           Power      Damage    Failure   Level
 Magic Dart               Conj           0%         1d3       45%         1
 Blink                    Tloc           N/A        N/A       58%         2
 Call Imp                 Summ           0%         N/A       58%         2
 Slow                     Hex            0%         N/A       58%         2
 Conjure Flame            Conj/Fire      0%         6-21      83%         3
 Mephitic Cloud           Conj/Pois/Air  0%         N/A       83%         3

Skill      XL: |  1 |
---------------+----+-----
Maces & Flails | 2 |  2.2
Fighting       | |  3.0
Dodging        | |  1.5
Stealth        | |  4.1

Action                   || total
-------------------------++-------
Melee: Mace              ||    34
  Use: Scroll            ||     1
 Stab: Sleeping          ||     1
Armor: Leather armour    ||     2
Dodge: Dodged            ||    26

Inventory:

Hand Weapons
 a - a +0 mace (weapon)
Armour
 b - a +0 leather armour (worn)
 d - a +0 pair of gloves (worn)
Wands
 c - a wand of digging (3)
Scrolls
 f - a scroll of fog
 g - a scroll of identify {unknown}
 y - a scroll of magic mapping


You were on level 5 of the Dungeon.
You visited 1 branch of the dungeon, and saw 1 of its levels.

Dungeon Overview and Level Annotations

Branches:
Dungeon (5/15)
 Temple: D:4-7

Altars:

Annotations:
D:5 1 runed translucent door, Crazy Yiuf, Grinder

.....# #.#... ##.#.#
#.#.########### ...#.#
#...........).#
...#.#######.#########.#
...#....#......# #.#
...#..#.#.##.#.#######.##
..##..#...##.#.#........#
..##..######.#.#.########
......# #.#.#@#
####...........#O#
#...#.....###.#
#....$..#.. #.# #.#.#.#.#
#.# ....#.# # #.# #.... #
#.# ## ## #.#


You could see an ogre.

Notes
Turn   | Place    | Note
-------+----------+-------------------------------------------
     0 | D:5      | theanonym the Mummy Delver began the quest for the Orb.
     0 | D:5      | Reached XP level 1. HP: 18/18 MP: 1/1
    34 | D:5      | Found a runed translucent door.
    35 | D:5      | Noticed Crazy Yiuf
   130 | D:5      | Noticed a centaur
   195 | D:5      | Noticed a worker ant
   204 | D:5      | HP: 7/18 [orc/+0 flail (7)]
   209 | D:5      | HP: 1/18 [worker ant (4)]
   490 | D:5      | Noticed Grinder
   502 | D:5      | beem: All playable chars have been won
   508 | D:5      | HP: 2/18 [Grinder (9)]
   520 | D:5      | Paralysed by Grinder for 3 turns
   790 | D:5      | Reached skill level 2 in Maces & Flails
   875 | D:5      | Reached XP level 2. HP: 18/24 MP: 2/2
   944 | D:5      | Noticed an ogre
   950 | D:5      | HP: 6/24 [ogre/+0 giant club (18)]
   951 | D:5      | Demolished by an ogre

Vanquished Creatures
  An adder zombie (D:5)
  2 orcs (D:5)
  A giant cockroach (D:5)
4 creatures vanquished.

Table legend: (Time is in decaauts)
 A = Elapsed time spent in this place.
 B = Non-inter-level travel time spent in this place.
 C = Inter-level travel time spent in this place.
 D = Time resting spent in this place.
 E = Time spent auto-exploring this place.
 F = Levels seen in this place.
 G = Mean time per level.
                   A        B        C        D        E       F      G
               +--------+--------+--------+--------+--------+-----+--------+
         Total |    961 |    961 |      0 |    571 |    191 |   1 |  961.0 |
       Dungeon |    961 |    961 |      0 |    571 |    191 |   1 |  961.0 |
               +--------+--------+--------+--------+--------+-----+--------+

Top non-repeatable levels by time:
     D:5: 961 daAuts
